 Dungeon Crawl Stone Soup version 0.28.0-53-g5a82cb258f (webtiles) character file.

Game seed: 268965735449622464

1170 markstv the Chopper (level 8, -2/73 HPs)
             Began as a Deep Dwarf Fighter on June 28, 2022.
             Was an Initiate of Makhleb.
             Slain by an orc
             ... wielding a +0 trident
              (3 damage)
             ... on level 6 of the Dungeon.
             The game lasted 00:23:16 (3924 turns).

markstv the Chopper (Deep Dwarf Fighter)            Turns: 3924, Time: 00:23:21

Health: -2/73      AC:  7    Str: 23    XL:     8   Next: 17%
Magic:  5/5        EV: 10    Int:  8    God:    Makhleb [......]
Gold:   197        SH:  0    Dex: 12    Spells: 7/7 levels left

rFire   . . .      SeeInvis .   a - +0 war axe
rCold   . . .      Faith    .   c - +0 buckler
rNeg    . . .      Spirit   .   b - +0 scale mail
rPois   .          Reflect  .   (no helmet)
rElec   .          Harm     .   (no cloak)
rCorr   .          Rampage  .   (no gloves)
Will    +....                   (no boots)
Stlth   ..........              (no amulet)
HPRegen 0.00/turn               (no ring)
MPRegen 0.09/turn               (no ring)

@: confused
A: damage resistance, heal wounds, sense surroundings 1, no regeneration
a: Heal Wounds, Renounce Religion


You were on level 6 of the Dungeon.
You worshipped Makhleb.
Makhleb was noncommittal.
You visited 2 branches of the dungeon, and saw 7 of its levels.

You collected 197 gold pieces.

Inventory:

Hand Weapons
 a - a +0 war axe (weapon)
 o - a +1 dagger of freezing
 q - a +2 halberd of protection
 r - a +0 hand axe
Missiles
 h - 2 silver javelins
 m - 5 poisoned darts (quivered)
Armour
 b - a +0 scale mail (worn)
 c - a +0 buckler (worn)
Jewellery
 k - a ring of magical power
 n - a ring of magical power
Wands
 p - a wand of flame (11)
 u - a wand of charming (6)
 x - a wand of mindburst (1)
Scrolls
 e - a scroll of enchant weapon
 f - 3 scrolls of magic mapping
 g - 3 scrolls of teleportation
 i - a scroll of identify
 l - 2 scrolls of enchant armour
 s - a scroll of silence
 y - a scroll of noise
Potions
 d - a potion of might
 j - 6 potions of curing {unknown}
 t - a potion of invisibility {unknown}
 v - a potion of brilliance {unknown}
 w - a potion of resistance {unknown}


   Skills:
 + Level 4.3 Fighting
 + Level 6.9 Axes
 + Level 6.3 Armour
 + Level 2.8 Dodging
 + Level 1.4 Stealth
 + Level 4.7 Shields


You had 7 spell levels left.
You didn't know any spells.
Your spell library contained the following spells:

 Spells                   Type           Power      Damage    Failure   Level
 Foxfire                  Conj/Fire      0%         2x1d4     78%         1
 Sandblast                Erth           0%         2d4       78%         1
 Blink                    Tloc           0%         N/A       89%         2
 Corpse Rot               Necr/Air       0%         N/A       89%         2
 Passwall                 Tmut/Erth      0%         N/A       89%         2
 Poisonous Vapours        Pois/Air       0%         N/A       89%         2
 Conjure Flame            Conj/Fire      0%         6-21      98%         3
 Inner Flame              Hex/Fire       0%         N/A       98%         3
 Stone Arrow              Conj/Erth      0%         3d7       98%         3
 Animate Armour           Summ/Erth      0%         N/A       100%        4
 Flame Wave               Conj/Fire      0%         2d4       100%        4
 Manifold Assault         Tloc           0%         N/A       100%        5
 Storm Form               Tmut/Air       0%         N/A       100%        7
 Lehudib's Crystal Spear  Conj/Erth      0%         10d2      100%        8


Dungeon Overview and Level Annotations

Branches:
Dungeon (6/15)             Temple (1/1) D:5

Altars:
Ashenzari
Dithmenos
Elyvilon
Fedhas
Gozag
Hepliaklqana
Kikubaaqudgha
Makhleb
Nemelex Xobeh
Okawaru
Qazlal
Ru
Sif Muna
Trog
Uskayaw
Wu Jian
Xom
Yredelemnul
Zin

Shops:
D:2 *


Innate Abilities, Weirdness & Mutations

You are resistant to damage.
You can heal yourself by infusing magical energy.
You passively map a small area around you.
You do not regenerate.


Message History

You block the orc's attack.
You hear some strange, mumbled words.
A magic dart appears from out of thin air!
The magic dart hits you!
* * * LOW HITPOINT WARNING * * *
The howler monkey misses you. The orc hits you with a +0 mace.
* * * LOW HITPOINT WARNING * * *
You barely miss the orc. You hit the orc.
You kill the orc!
Makhleb accepts your kill.
You barely miss the howler monkey. You barely miss something.
You hit the howler monkey.
The howler monkey hits you but does no damage.
You block the orc's attack. The howler monkey hits you. Something hits you.
* * * LOW HITPOINT WARNING * * *
The orc hits you with a +0 mace. You block the howler monkey's attack.
You hit the orc.
The orc is lightly wounded.
You closely miss the howler monkey. You hit something but do no damage.
You hit the howler monkey. The howler monkey hits you.
* * * LOW HITPOINT WARNING * * *
You hear some strange, mumbled words.
A magic dart appears from out of thin air!
The magic dart hits you.
* * * LOW HITPOINT WARNING * * *
The orc completely misses you. The orc misses you. The howler monkey hits you.
* * * LOW HITPOINT WARNING * * *
The orc hits you from afar with a +0 trident.
You hear some strange, mumbled words.
You are confused.
The howler monkey hoots and howls with incredible vigour!
You are too confused!
Unknown command.
The howler monkey hoots and howls with incredible vigour!
The orc hits you with a +0 mace.
The howler monkey completely misses you.
Something hits you.
* * * LOW HITPOINT WARNING * * *
The orc hits you from afar with a +0 trident.
You die...

.. ,,
..............
#.............
,
#.............
,
#.............
,
#.............,
##.............
#.....h{h......
....<..@)......
, *
.....o)o)####..
* .....o..... ,
.........#.=. ,
.........#.##..
, ..........,#
,. , ..........
, ........### *
, , , * *


You could see 2 howler monkeys, an orc priest and 2 orcs.

Vanquished Creatures
  Sigmund (D:5)
  Eustachio (D:5)
  A bullfrog (D:5)
  A scorpion (D:5)
  2 hounds
  An orc priest (D:6)
  A jelly (D:6)
  A bullfrog skeleton (D:3)
  An iguana (D:5)
  7 adders
  4 gnolls (D:3)
  An ufetubus (D:5)
  A worm (D:2)
  3 dart slugs
  8 orcs
  5 ball pythons
  6 endoplasms
  3 giant cockroaches
  4 goblins
  4 hobgoblins
  2 jackals (D:3)
  3 quokkas
  5 bats
  4 frilled lizards
  9 kobolds
  5 rats
84 creatures vanquished.

Vanquished Creatures (collateral kills)
  Duvessa (D:5)
  A water moccasin (D:5)
  An orc warrior (D:4)
  Dowan (D:5)
  A hound (D:5)
  An ufetubus (D:5)
  2 orcs (D:4)
8 creatures vanquished.

Vanquished Creatures (others)
  2 plants (D:1)
2 creatures vanquished.

Grand Total: 94 creatures vanquished

Notes
Turn   | Place    | Note
-------+----------+-------------------------------------------
     0 | D:1      | markstv the Deep Dwarf Fighter began the quest for the Orb.
     0 | D:1      | Reached XP level 1. HP: 20/20 MP: 1/1
   198 | D:1      | Reached XP level 2. HP: 27/27 MP: 2/2
   397 | D:2      | Reached XP level 3. HP: 20/34 MP: 3/3
   892 | D:1      | Found a faded altar of an unknown god.
   908 | D:1      | Prayed at the altar of an unknown god.
   908 | D:1      | Became a worshipper of Nemelex Xobeh the Trickster
   908 | D:1      | Reached * piety under Nemelex Xobeh
  1004 | D:2      | Received a gift from Nemelex Xobeh
  1101 | D:2      | Found Amut's General Store.
  1140 | D:2      | Found a shadowy altar of Dithmenos.
  1436 | D:2      | Received a gift from Nemelex Xobeh
  1468 | D:2      | Reached ** piety under Nemelex Xobeh
  1561 | D:3      | Reached XP level 4. HP: 10/42 MP: 4/4
  1654 | D:3      | Reached XP level 5. HP: 44/49 MP: 4/4
  1695 | D:4      | Found an ancient bone altar of Kikubaaqudgha.
  1696 | D:4      | Noticed an orc warrior
  1708 | D:4      | Killed an orc warrior
  1709 | D:4      | Reached skill level 1 in Dodging
  1864 | D:3      | Reached XP level 6. HP: 35/56 MP: 4/4
  2173 | D:3      | Reached skill level 5 in Axes
  2269 | D:3      | Found an opulent altar of Gozag.
  2875 | D:5      | Entered Level 5 of the Dungeon
  2875 | D:5      | Noticed a water moccasin
  2875 | D:5      | Reached *** piety under Nemelex Xobeh
  2876 | D:5      | Noticed Dowan
  2877 | D:5      | Noticed Duvessa
  2880 | D:5      | Killed a water moccasin
  2884 | D:5      | Killed Dowan
  2885 | D:5      | Reached skill level 5 in Armour
  2885 | D:5      | Reached XP level 7. HP: 46/63 MP: 4/4
  2887 | D:5      | Killed Duvessa
  2955 | D:5      | Identified the +1 leather armour of Context {Int-2 Dex+3}
  3042 | D:5      | Reached skill level 1 in Stealth
  3156 | D:5      | Noticed Eustachio
  3165 | D:5      | Killed Eustachio
  3257 | D:5      | Noticed Sigmund
  3271 | D:5      | Killed Sigmund
  3272 | D:5      | Reached XP level 8. HP: 41/72 MP: 5/5
  3285 | D:5      | Found a staircase to the Ecumenical Temple.
  3294 | Temple   | Entered the Ecumenical Temple
  3480 | Temple   | Fell from the grace of Nemelex Xobeh
  3480 | Temple   | Became a worshipper of Makhleb the Destroyer
  3924 | D:6      | HP: 1/73 [something (4)]
  3924 | D:6      | Slain by an orc

Illustrated notes

Levels and vault maps discovered:
D:1:      zaba_arrival_water, layout_basic,
          shapermc_ecumenical_altar_mp_urbaneastern
D:2:      layout_loops_cross, serial_shops, shop, basic_altar
D:3:      layout_loops_ring, mainiacjoe_overflow_alcove_2
D:4:      layout_gridville, kiku_gazebo_pond_becter
D:5:      layout_basic, temple_hall, uniq_sigmund, uniq_eustachio, uniq_duvessa
D:6:      layout_rooms, minmay_microvault
Temple:   eino_temple_rhombus

Skill      XL: |  1  2  3  4  5  6  7 |
---------------+----------------------+-----
Fighting       | 3 4 |  4.3
Axes           | 3 4 5 6 |  6.9
Armour         | 4 5 6 |  6.3
Dodging        | 1 2 |  2.8
Shields        | 4 |  4.7
Stealth        | 1 |  1.4

Action                   |  1- 3 |  4- 6 |  7- 9 || total
-------------------------+-------+-------+-------++-------
Melee: War axe           |   130 |   114 |    61 ||   305
Invok: Draw Destruction  |     3 |     3 |     5 ||    11
       Draw Summoning    |       |     3 |       ||     3
       Draw Escape       |       |     1 |     1 ||     2
 Abil: Heal Wounds       |     1 |     3 |     2 ||     6
Evoke: Wand              |       |       |     2 ||     2
  Use: Scroll            |     1 |     3 |     4 ||     8
Armor: Scale mail        |    60 |    51 |    26 ||   137
Dodge: Dodged            |    58 |    53 |    38 ||   149
Block: Buckler           |    27 |    37 |    23 ||    87
